 Dungeon Crawl Stone Soup version 0.17-a0-2101-g0c122e7 (webtiles) character file.

261 George the Slasher (level 5, 0/45 HPs)
             Began as a Minotaur Fighter on Oct 18, 2015.
             Killed by divine providence
             ... invoked by an orc priest
              (13 damage)
             ... on level 4 of the Dungeon.
             The game lasted 00:04:08 (2264 turns).

George the Slasher (Minotaur Fighter)               Turns: 2264, Time: 00:04:08

Health: 0/45       AC:  6    Str: 21    XL:     5   Next: 96%
Magic:  0/4        EV:  5    Int:  5    God:
Gold:   245        SH: 14    Dex: 10    Spells: 0 memorised, 4 levels left

rFire  . . .     SeeInvis .     a - +0 long sword
rCold  . . .     Clarity  .     b - +0 scale mail
rNeg   . . .     SustAt   .     n - +0 large shield
rPois  .         Gourm    .     (helmet restricted)
rElec  .         Spirit   +     (no cloak)
rCorr  .         Warding  .     (no gloves)
rMut   .         Stasis   .     (no boots)
MR     .....                    w - amulet of guardian spirit
Stlth  ..........               (no ring)
                                (no ring)

@: not resistant to hostile enchantments, extremely unstealthy
A: retaliatory headbutt, horns 2
a: no special abilities


You were on level 4 of the Dungeon.
You were hungry.

You visited 1 branch of the dungeon, and saw 4 of its levels.

You collected 245 gold pieces.

Inventory:

Hand Weapons
 a - a +0 long sword (weapon)
 q - a +2 short sword of venom
Armour
 b - a +0 scale mail (worn)
 n - a +0 large shield (worn)
Jewellery
 w - an amulet of guardian spirit (around neck)
Wands
 y - a wand of paralysis (14)
Scrolls
 j - 3 scrolls of teleportation
 x - a scroll of remove curse
Potions
 d - 2 potions of might
 i - a potion of cure mutation
 p - a potion of brilliance {unknown}
 v - a potion of agility {unknown}
 z - a potion of berserk rage {unknown}
Comestibles
 e - 6 bread rations
 l - a beef jerky
 o - 2 royal jellies
 u - 2 meat rations


   Skills:
 - Level 3.6 Fighting
 + Level 7.6 Long Blades
 - Level 3.6 Armour
 - Level 3.6 Shields


You had 4 spell levels left.
You didn't know any spells.

Dungeon Overview and Level Annotations

Branches:
Dungeon (4/15)
 Temple: D:4-7

Altars:
Ashenzari
Elyvilon
Sif Muna
Vehumet
Xom
Zin
The Shining One


Innate Abilities, Weirdness & Mutations

You reflexively headbutt those who attack you in melee.
You have a pair of horns on your head.


Message History

The orc priest calls down the wrath of Beogh upon you.
Something smites you! You block the giant cockroach's attack.
You hit the orc priest but do no damage.
Your headbutt misses the orc priest.
The orc priest is moderately wounded.
The giant cockroach bites you but does no damage.
The orc priest calls down the wrath of Beogh upon you.
Something smites you! You block the giant cockroach's attack.
The orc priest hits you.
* * * LOW HITPOINT WARNING * * *
You slash the orc priest!
The orc priest is severely wounded.
The giant cockroach closely misses you. You block the orc priest's attack.
You are feeling hungry.
You closely miss the orc priest.
The orc priest is severely wounded.
You block the giant cockroach's attack.
The orc priest invokes the aid of Beogh against you.
Something smites you!
You die...

#.......# #.....#
#.#.#.#.# ###.....###
#....(..###.........#
#.#.#.#..##.........#
....................#
#.#.#.#.###.........#
#.......#...........#
#..#.##o#)#.#.#)#.###
##.#..Zs@[.†......#
.......#..#.#.#.#.####
.....####.........<..##
........>.#.#.#.#.....###
.....#.##................
⌠.. #....#.#.#.#.#.#†#.#
.s. ##..................
###...........#.#.#
..................


You could see an orc priest, a giant cockroach and a ball python skeleton.

Vanquished Creatures
  A giant frog skeleton (D:4)
  2 orc priests
  Natasha (D:2)
  An iguana (D:4)
  An orc wizard (D:3)
  A gnoll (D:1)
  4 adders
  An ooze (D:3)
  2 giant geckos (D:3)
  An orc (D:4)
  8 giant cockroaches
  6 goblins
  2 hobgoblins
  3 jackals (D:1)
  A quokka (D:1)
  A ball python (D:1)
  3 bats
  A giant newt (D:1)
  8 kobolds
  5 rats
53 creatures vanquished.

Notes
Turn   | Place    | Note
--------------------------------------------------------------
     0 | D:1      | George the Minotaur Fighter began the quest for the Orb.
     0 | D:1      | Reached XP level 1. HP: 19/19 MP: 0/0
   107 | D:1      | Reached XP level 2. HP: 26/26 MP: 1/1
   289 | D:1      | Reached skill level 4 in Long Blades
   767 | D:1      | Reached XP level 3. HP: 28/31 MP: 2/2
  1093 | D:2      | Found a deep blue altar of Sif Muna.
  1135 | D:2      | Noticed Natasha
  1143 | D:2      | Killed Natasha
  1143 | D:2      | Reached skill level 5 in Long Blades
  1143 | D:2      | Reached XP level 4. HP: 27/39 MP: 3/3
  1415 | D:2      | Found a glowing golden altar of the Shining One.
  1415 | D:2      | Found a glowing silver altar of Zin.
  1415 | D:2      | Found a white marble altar of Elyvilon.
  1579 | D:3      | Found a shattered altar of Ashenzari.
  1805 | D:3      | Reached skill level 6 in Long Blades
  1809 | D:3      | Reached XP level 5. HP: 43/45 MP: 4/4
  1828 | D:3      | Found a radiant altar of Vehumet.
  2153 | D:4      | Found a shimmering altar of Xom.
  2174 | D:4      | Found a shimmering altar of Xom.
  2174 | D:4      | Found a shimmering altar of Xom.
  2174 | D:4      | Found a shimmering altar of Xom.
  2174 | D:4      | Found a shimmering altar of Xom.
  2174 | D:4      | Found a shimmering altar of Xom.
  2174 | D:4      | Found a shimmering altar of Xom.
  2175 | D:4      | Found a shimmering altar of Xom.
  2175 | D:4      | Found a shimmering altar of Xom.
  2175 | D:4      | Found a shimmering altar of Xom.
  2185 | D:4      | Reached skill level 7 in Long Blades
  2264 | D:4      | Killed from afar by an orc priest

Vault maps used:
D:1:      dpeg_arrival_chambers_temple_mockup, minmay_stone_trees_small,
          serial_bayou_pond_d
D:2:      good_gods_mini_temple, led_sif_pool, first_bread, uniq_natasha
D:3:      lemuel_round_altar, vehumet_crystals
D:4:      grunt_temple_overflow_open, kennysheep_vampire_church, serial_glass,
          glass_columns_b, glass_columns_b, glass_columns_a, glass_columns_c,
          glass_columns_b, glass_columns_c, glass_columns_c, glass_columns_a,
          xom_redecorated, uniq_pikel

Action                   |  1- 3 |  4- 6 || total
-------------------------+-------+-------++-------
Melee: Long sword        |    72 |    86 ||   158
  Use: Scroll            |       |     8 ||     8
  Eat: Chunk             |       |     4 ||     4
